 Dungeon Crawl Stone Soup version 0.29.1-1-gd02db6906a (webtiles) character file.

Game seed: 9190412376424092639

16 hikkokomori the Insei (level 2, -1/23 HPs)
             Began as a Demigod Transmuter on Oct 5, 2022.
             Slain by a quokka (2 damage)
             ... on level 1 of the Dungeon.
             The game lasted 00:01:37 (626 turns).

hikkokomori the Insei (Demigod Transmuter)           Turns: 626, Time: 00:01:38

Health: -1/23      AC:  2    Str: 11    XL:     2   Next: 24%
Magic:  7/7        EV: 12    Int: 15    God:
Gold:   0          SH:  0    Dex: 14    Spells: 3/4 levels left

rFire   . . .      SeeInvis .   c - +4 dagger (venom)
rCold   . . .      Faith    .   (no shield)
rNeg    . . .      Spirit   .   a - +0 robe
rPois   .          Reflect  .   (no helmet)
rElec   .          Harm     .   (no cloak)
rCorr   .          Rampage  .   (no gloves)
Will    .....                   (no boots)
Stlth   +.........              (no amulet)
HPRegen 0.07/turn               (no ring)
MPRegen 0.10/turn               (no ring)

@: no status effects
A: high MP 1, forlorn, divine attributes
a: no special abilities


You were on level 1 of the Dungeon.
You visited 1 branch of the dungeon, and saw 1 of its levels.

Inventory:

Hand Weapons
 c - a +4 dagger of venom (weapon)
Armour
 a - a +0 robe (worn)
Scrolls
 d - a scroll of summoning {unknown}
Potions
 b - a potion of lignification


   Skills:
 + Level 1.6 Fighting
 - Level 1.7 Dodging
 - Level 2.6 Unarmed Combat
 - Level 1.7 Spellcasting
 + Level 2.3 Transmutations


You had 3 spell levels left.
You knew the following spells:

 Your Spells              Type           Power      Damage    Failure   Level
a - Beastly Appendage     Tmut           16%        N/A       9%          1

Your spell library contained the following spells:

 Spells                   Type           Power      Damage    Failure   Level
 Wereblood                Tmut           8%         N/A       13%         2
 Spider Form              Tmut/Pois      4%         N/A       38%         3
 Ice Form                 Ice/Tmut       4%         N/A       80%         4


Dungeon Overview and Level Annotations

Branches:
Dungeon (1/15)


Innate Abilities, Weirdness & Mutations

You have an increased reservoir of magic. (+10% MP)
You shall have no god before yourself.
Your divine heritage dramatically boosts your attributes as you level up.


Message History

You are too injured to fight recklessly!
Unknown command.
You are too injured to fight recklessly!
Unknown command.
You completely miss the dart slug.
You kill the jackal!
The bat hits you but does no damage. The jackal bites you.
* * * LOW HITPOINT WARNING * * *
The jackal closely misses you. The frilled lizard closely misses you.
The dart slug closely misses you.
Unknown command.
You hit the dart slug.
The dart slug is moderately wounded.
The bat misses you.
A ball python comes into view.
The jackal misses you. The frilled lizard bites you.
* * * LOW HITPOINT WARNING * * *
Unknown command.
The ball python hisses angrily.
You hit the dart slug.
The dart slug is poisoned.
The dart slug is severely wounded.
You kill the dart slug!
The bat barely misses you.
The jackal bites you but does no damage.
The frilled lizard misses you.
You hit the goblin.
You kill the goblin!
The jackal closely misses you. The bat hits you but does no damage.
The jackal closely misses you.
The frilled lizard bites you but does no damage.
Unknown command.
The bat hits you.
* * * LOW HITPOINT WARNING * * *
The jackal barely misses you. The frilled lizard closely misses you.
The frilled lizard barely misses you.
You see here a +0 dagger of draining.
Unknown command.
You barely miss the jackal. The bat closely misses you.
The jackal barely misses you. The bat barely misses you. The quokka bites you.
You die...

.........#### .......#
#.. .
.......###.#######. .
................... .#
.......##......#####.# .
.......##............#..
...................?..♣.
####..###......b.S......
(.............#.@l...#
...#.#.#.†....#lhr...#
.#.#.#.#......+.........
.#...#.#......#......###
.#.....#.######........
(#.##..... #.###.....
.#.##..... ... ...#.
...##..... ... ....
...##.....#


You could see a quokka, a jackal, a bat, a ball python and 2 frilled lizards.

Vanquished Creatures
  A dart slug (D:1)
  A goblin (D:1)
  A hobgoblin (D:1)
  3 jackals (D:1)
  4 ball pythons (D:1)
  2 kobolds (D:1)
12 creatures vanquished.

Notes
Turn   | Place    | Note
-------+----------+-------------------------------------------
     0 | D:1      | hikkokomori the Demigod Transmuter began the quest for the
                  | Orb.
     0 | D:1      | Reached XP level 1. HP: 15/15 MP: 5/5
    90 | D:1      | Reached skill level 1 in Fighting
   620 | D:1      | Reached XP level 2. HP: 12/23 MP: 7/7
   625 | D:1      | HP: 1/23 [bat (1)]
   626 | D:1      | Slain by a quokka

Illustrated notes

Levels and vault maps discovered:
D:1:      onia_arrival_handbag, layout_basic,
          hellmonk_ecumenical_altar_arch_garden, st_stairs_1

Skill      XL: |  1 |
---------------+----+-----
Fighting       | 1 |  1.6
Transmutations | 2 |  2.3
Dodging        | |  1.7
Unarmed Combat | |  2.6
Spellcasting   | |  1.7

Action                   || total
-------------------------++-------
Melee: Dagger            ||    16
       Unarmed           ||     7
       Punch             ||     1
Armor: Robe              ||     7
Dodge: Dodged            ||    43
